AoeStats
← L. Erikson

Arabia

508947035Analyzed
2v2 RM · 8d ago on Sep 24, 2026· 76m 5s· 4 players
Game mode
Random Map
Map size
Medium (4 player)
Population
200
Speed
Normal
Resources
Standard
Victory
Conquest
Starting age
Dark Age
Ending age
Imperial Age
RankedLock teamsTeams togetherTeam positionsShared explorationLock speedFull tech treeHidden civsTurbo modeCheats
Victory
Defeat
🇩🇪 Danes · Germany
915
+16
🇩🇪 Magyars · Germany
818
+20
🇩🇪 Burgundians · Germany
935
-19
🇩🇪 Bulgarians · Germany
880
-17
Ronin501
7:33 Loom
9:51 Feudal Age
19:57 Castle Age
36:31 Padded Archer Armor
39:49 Pikeman
40:59 Scale Barding Armor
41:48 Wheelbarrow
40:58 Town Watch
43:32 Scale Mail Armor
44:39 Town Patrol
45:40 Chain Mail Armor
47:06 Double-Bit Axe
53:11 Imperial Age
53:01 Chain Barding Armor
53:50 Corvinian Army
54:50 Hand Cart
57:31 Halberdier
74:46 Elite Skirmisher
L. Erikson
7:20 Loom
9:33 Feudal Age
9:50 Man-at-Arms
13:43 Scale Mail Armor
18:08 Forging
21:52 Castle Age
20:47 Horse Collar
22:37 Wheelbarrow
23:21 Squires
23:59 Chain Mail Armor
24:19 Iron Casting
24:18 Arson
28:46 Iron Casting
30:46 Fervor
30:53 Heavy Plow
30:54 Double-Bit Axe
32:33 Hand Cart
37:01 Imperial Age
36:30 Hamask
37:14 Elite Varangian Guard
38:26 Plate Mail Armor
38:22 Pikeman
39:07 Halberdier
43:48 Blast Furnace
45:11 Northmen's Fury
47:08 Conscription
47:20 Bow Saw
47:08 Gold Mining
50:32 Fletching
54:47 Coinage
54:34 Murder Holes
55:40 Chemistry
63:11 Banking
67:42 Bodkin Arrow
68:13 Ballistics
69:05 Siege Engineers
69:28 Elite Skirmisher
70:15 Thumb Ring
72:01 Bracer
72:01 Padded Archer Armor
yannik
7:29 Double-Bit Axe
10:43 Feudal Age
9:34 Horse Collar
15:48 Castle Age
14:24 Heavy Plow
14:42 Bow Saw
14:44 Heavy Plow
17:05 Loom
18:20 Cavalier
19:03 Husbandry
21:15 Scale Barding Armor
21:52 Wheelbarrow
22:32 Forging
29:55 Chain Barding Armor
32:35 Imperial Age
30:26 Murder Holes
32:51 Crop Rotation
33:56 Paladin
35:02 Gold Mining
35:03 Stone Mining
36:49 Plate Barding Armor
38:24 Gold Shaft Mining
39:12 Iron Casting
41:03 Conscription
44:00 Blast Furnace
44:16 Padded Archer Armor
44:07 Fletching
44:32 Elite Skirmisher
46:16 Hoardings
46:46 Chemistry
46:46 Ballistics
46:36 Masonry
52:55 Leather Archer Armor
58:37 Hand Cart
62:36 Hand Cart
butteryassluke
7:07 Loom
10:00 Feudal Age
12:35 Horse Collar
13:45 Forging
22:34 Castle Age
22:58 Double-Bit Axe
24:44 Heavy Plow
26:34 Bow Saw
26:29 Stone Mining
34:07 Stone Shaft Mining
33:30 Gold Mining
35:26 Gold Shaft Mining
39:20 Imperial Age
37:31 Iron Casting
38:05 Stirrups
39:42 Scale Mail Armor
39:49 Scale Barding Armor
41:09 Blast Furnace
40:46 Elite Konnik
44:13 Chain Barding Armor
45:14 Plate Barding Armor
45:59 Bloodlines
45:50 Husbandry
46:57 Fletching
47:22 Chain Mail Armor
50:09 Bodkin Arrow
50:17 Pikeman
55:47 Bracer
56:19 Plate Mail Armor
57:54 Arson
58:09 Squires
66:30 Gambesons
Connection lost

Rejoining the realm…

Still unreachable

The connection could not be restored.

Session expired

The server has moved on; the page needs a fresh start.